Map: Pylon LE

Players

LigerMaNN

  • Race: Zerg Zerg
  • League: Diamond
  • Spawn Location: 11:00

OMGBentley - Winner!

  • Race: Terran Terran
  • League: Diamond
  • Spawn Location: 5:00

VOD

Have the link to the VOD?

Description

Time

  • Played on: June 28, 2025, 4:14 p.m.
  • Length: 11:05
Show
View Real Time Build Order
Export as new Build Order

LigerMaNN Zerg 

Build Orders: Hatch First 

Get SALT Encoding   

  12  0:01  Drone  
  13  0:12  Overlord  
  13  0:19  Drone  
  14  0:31  Drone x2  
  16  0:36  Drone  
  17  0:52  Hatchery  
  17  0:55  Drone  
  17  0:59  Drone  
  18  1:10  Extractor  
  17  1:15  Spawning Pool  
  17  1:16  Drone  
  17  1:20  Drone  
  18  1:28  Drone  
  19  1:38  Drone  
  20  1:49  Drone  
  21  2:00  Overlord  
  21  2:06  Queen x2  
  21  2:07  Zergling x2  
  26  2:14  Metabolic Boost  
  26  2:22  Drone  
  26  2:32  Hatchery  
  26  2:35  Zergling x4  
  26  2:45  Drone x3  
  29  3:01  Queen  
  29  3:03  Overlord  
  29  3:04  Drone x2  
  33  3:08  Overlord  
  33  3:12  Overlord  
  33  3:28  Drone x4  
  33  3:29  Drone x2  
  33  3:32  Drone  
  40  3:45  Overlord x2  
  40  3:46  Overlord x2  
  40  3:51  Drone x2  
  42  3:59  Extractor  
  39  4:10  Drone x6  
  39  4:15  Evolution Chamber  
  39  4:16  Evolution Chamber  
  44  4:17  Drone x2  
  44  4:19  Drone x2  
  47  4:26  Queen  
  47  4:29  Queen  
  51  4:38  Zergling x10  
  51  4:40  Zergling x2  
  57  4:47  Zergling x6  
  60  4:56  Zergling x14  
  45  5:28  Zergling x14  
  45  5:29  Zergling x10, Queen x3  
  45  5:34  Zergling x4  
  61  5:41  Zergling x10  
  62  5:55  Zergling x6  
  51  6:11  Zergling x2  
  51  6:12  Zergling x10  
  56  6:27  Drone  
  56  6:28  Drone x4  
  61  6:33  Zerg Melee Weapons Level 1  
  61  6:34  Zerg Ground Armor Level 1  
  61  6:36  Baneling Nest  
  61  6:37  Lair  
  57  6:48  Drone x9  
  57  6:49  Drone x4  
  57  6:51  Drone  
  71  7:07  Drone x3  
  73  7:25  Drone x6  
  73  7:29  Hatchery  
  78  7:35  Hatchery  
  78  7:36  Centrifugal Hooks  
  77  7:38  Hydralisk Den  
  77  7:42  Queen  
  77  7:44  Queen  
  80  7:51  Extractor  
  80  7:52  Extractor  
  78  7:59  Drone x2  
  78  8:00  Drone, Extractor x2  
  78  8:01  Drone x3  
  78  8:02  Drone x2  
  78  8:04  Drone x2  
  86  8:06  Overlord x6  
  86  8:07  Overlord x2  
  85  8:27  Muscular Augments  
  85  8:30  Hydralisk x7  
  99  8:51  Zergling x14  
  99  8:52  Baneling x5  
  99  8:53  Baneling x12  
  99  8:54  Baneling x2  
  85  9:20  Zergling x40  
  98  9:30  Drone x4  
  98  9:31  Grooved Spines  
  102  9:38  Baneling, Infestation Pit  
  101  9:39  Baneling x4  
  101  9:48  Baneling x9  
  101  9:49  Baneling x7  
  97  9:54  Zergling x28  
  107  10:11  Zergling x12  
  101  10:20  Zergling x10  
  84  10:32  Hydralisk x5  
Show
View Real Time Build Order
Export as new Build Order

OMGBentley Terran - Winner!

Build Orders: Reaper Expand, Mech 

Get SALT Encoding   

  12  0:00  SCV  
  13  0:12  SCV  
  14  0:17  Supply Depot  
  14  0:25  SCV  
  15  0:39  SCV  
  15  0:40  Barracks  
  16  0:49  Refinery  
  16  0:51  SCV  
  16  0:55  Refinery  
  17  1:03  SCV  
  18  1:17  SCV  
  19  1:28  Reaper  
  19  1:30  Orbital Command  
  20  1:49  Command Center  
  20  1:55  SCV  
  21  2:02  Barracks Reactor  
  21  2:06  Factory  
  21  2:13  Supply Depot  
  21  2:20  SCV  
  22  2:39  Marine  
  22  2:40  Marine  
  24  2:50  Factory Tech Lab  
  24  2:52  Barracks  
  24  2:53  SCV  
  24  2:58  Marine x2  
  27  3:16  Marine x2, Siege Tank  
  27  3:18  SCV  
  33  3:26  Orbital Command  
  33  3:27  Barracks  
  33  3:30  SCV  
  34  3:37  Marine x2  
  36  3:48  Siege Tank  
  36  3:55  Marine x2  
  39  3:57  Barracks Tech Lab  
  37  4:13  SCV x2  
  37  4:16  Marine x3  
  42  4:17  Marine  
  42  4:18  Combat Shield  
  43  4:25  Siege Tank  
  46  4:34  Supply Depot  
  46  4:35  Armory  
  46  4:47  Supply Depot  
  46  4:56  SCV x2  
  48  5:08  Marine, SCV x2  
  48  5:09  Marine x3  
  45  5:39  Siege Tank  
  45  5:40  Marine x4  
  45  5:41  Stimpack  
  53  5:42  SCV  
  53  5:43  SCV  
  52  5:50  Command Center  
  45  6:12  Marine x3, Siege Tank  
  45  6:13  Marine  
  44  6:33  Terran Vehicle And Ship Armor Level 1  
  44  6:38  Infernal Pre-Igniter, Armory  
  44  6:39  Factory  
  44  6:40  Engineering Bay  
  44  6:41  Marine x2  
  44  6:42  Marine  
  45  6:52  Supply Depot  
  45  6:56  Marine  
  45  6:59  Marine x2  
  48  7:02  Marine  
  48  7:04  Orbital Command  
  48  7:06  SCV x2  
  48  7:08  Siege Tank  
  54  7:13  Marine  
  55  7:17  Marine x2  
  55  7:18  SCV  
  55  7:20  Marine  
  59  7:23  Refinery  
  59  7:24  Refinery  
  59  7:27  SCV  
  60  7:30  Factory Reactor, SCV  
  60  7:32  Factory  
  61  7:39  SCV  
  61  7:42  Factory  
  62  7:49  Hellion  
  64  7:55  Terran Vehicle Weapons Level 1  
  64  8:14  Supply Depot  
  64  8:19  Marine  
  64  8:20  Marine x3  
  64  8:21  Siege Tank  
  64  8:22  Factory Reactor  
  64  8:24  Hellion x2, Orbital Command  
  75  8:37  Marine  
  75  8:38  Marine x3  
  75  8:39  Hellion  
  81  8:42  SCV x2  
  81  8:45  Hellion x2  
  87  8:53  Siege Tank  
  87  8:54  SCV  
  91  9:03  Siege Tank  
  91  9:06  Hellion x2  
  74  9:20  Marine x4  
  74  9:21  Hellion  
  74  9:22  Hellion  
  75  9:25  Siege Tank  
  75  9:28  Hellion, SCV x2  
  83  9:33  Refinery  
  83  9:35  Siege Tank  
  83  9:37  Marine  
  83  9:38  Marine  
  87  9:47  Hellion x2, Command Center  
  87  9:48  Marine x2  
  91  10:08  Siege Tank  
  91  10:10  Siege Tank  
Tags
 
Composition
Mech
Matchup
TvZ
Replay Pack
June 2025
Spawn Locations
Cross Positions
Add a new tag
Caveats
  • Supply blocks, unpowered buildings, or Contaminate may cause inaccurate times.
  • Supply counts are checked every 10 seconds.